 Dungeon Crawl Stone Soup version 0.25-a0-561-g0977b4d109 (webtiles) character file.

Game seed: 13945769161096626166, levelgen mode: deterministic

683 Lugonue the Ducker (level 7, -1/28 HPs)
             Began as a Felid Venom Mage on Feb 25, 2020.
             Was an Initiate of Sif Muna.
             Slain by a bullfrog (6 damage)
             ... on level 6 of the Dungeon.
             The game lasted 00:12:20 (6853 turns).

Lugonue the Ducker (Felid Venom Mage)               Turns: 6853, Time: 00:12:20

Health: -1/28      AC:  2    Str:  4    XL:     7   Next: 35%
Magic:  1/16       EV: 21    Int: 17    God:    Sif Muna [......]
Gold:   236        SH:  0    Dex: 16    Spells: 7/17 levels left
                                        Lives:  0   Deaths: 2

rFire    . . .     SeeInvis +     - Unarmed
rCold    . . .     Gourm    .   (shield unavailable)
rNeg     . . .     Faith    .   (armour unavailable)
rPois    .         Spirit   .   (helmet unavailable)
rElec    .         Reflect  .   (cloak unavailable)
rCorr    +         Harm     .   (gloves unavailable)
MR       +....                  (boots unavailable)
Stlth    +++.......             (no amulet)
HPRegen  0.09/turn              e - -2 ring of intelligence (curse)
MPRegen  0.15/turn              h - ring of resist corrosion

@: hasted, very quick
A: very small, no armour, no weapons or thrown items, stealth, claws 1, fangs 3,
see invisible, carnivore, speed 1, shaggy fur 2, slow metabolism 1, sharp paws
a: Renounce Religion


You were on level 6 of the Dungeon.
You worshipped Sif Muna.
Sif Muna was noncommittal.
You were full.

You visited 2 branches of the dungeon, and saw 7 of its levels.

You collected 236 gold pieces.

Inventory:

Jewellery
 e - a cursed -2 ring of intelligence (left paw)
 g - an uncursed ring of positive energy {unknown}
 h - a ring of resist corrosion (right paw)
Scrolls
 a - a scroll of blinking
 k - a scroll of teleportation
 m - a scroll of identify
 n - a scroll of amnesia
 o - 2 scrolls of magic mapping
 q - a scroll of vulnerability {unknown}
Potions
 c - a potion of haste
 d - 2 potions of flight
 f - 3 potions of curing
 i - a potion of stabbing {unknown}
 l - 2 potions of ambrosia {unknown}
 p - a potion of magic {unknown}
Comestibles
 b - 8 rations


   Skills:
 + Level 0.7 Fighting
 * Level 6.0 Dodging
 + Level 4.4 Stealth
 + Level 2.2 Unarmed Combat
 * Level 5.7 Spellcasting
 + Level 3.6 Transmutations
 + Level 0.2 Fire Magic
 + Level 1.8 Air Magic
 + Level 4.2 Poison Magic


You had 7 spell levels left.
You knew the following spells:

 Your Spells              Type           Power        Failure   Level  Hunger
a - Sting                 Tmut/Pois      ###.         2%          1    None
b - Poisonous Vapours     Pois/Air       ###...       6%          2    #......
c - Ignite Poison         Fire/Tmut/Pois ##......     13%         3    ##.....
d - Olgreb's Toxic Radia  Pois           ###.....     22%         4    ####...

Your spell library contained the following spells:

 Spells                   Type           Power        Failure   Level  Hunger
 Summon Small Mammal      Summ           #...         13%         1    None
 Mephitic Cloud           Conj/Pois/Air  ##......     17%         3    ##.....
 Call Imp                 Summ           #.......     21%         2    #......
 Call Canine Familiar     Summ           #.......     36%         3    ##.....
 Summon Guardian Golem    Hex/Summ       #.......     36%         3    ##.....
 Summon Lightning Spire   Summ/Air       #.......     65%         4    ####...
 Summon Ice Beast         Ice/Summ       #.......     78%         4    ####...


Dungeon Overview and Level Annotations

Branches:
Dungeon (6/15)             Temple (1/1) D:6

Altars:
Ashenzari
Cheibriados
Elyvilon
Fedhas
Hepliaklqana
Kikubaaqudgha
Makhleb
Nemelex Xobeh
Qazlal
Ru
Sif Muna
Uskayaw
Wu Jian
Xom
Zin
The Shining One

Annotations:
D:3 1 runed translucent door, Crazy Yiuf, Robin


Innate Abilities, Weirdness & Mutations

You cannot wear armour.
You are incapable of wielding weapons or throwing items.
Your paws allow you to move quietly. (Stealth)
You have sharp claws.
You have razor-sharp teeth.
You have supernaturally acute eyesight. (SInv)
You are carnivorous and can eat meat at any time.
You cover ground quickly.
You are covered in thick fur. (AC +2)
You have a slow metabolism.
Your sharp claws are effective at attacking unaware monsters.


Message History

The bullfrog completely misses you.
The bullfrog releases a deep croak.
The bullfrog closely misses you.
Casting: Sting (safe; 2% risk of failure)
Confirm with . or Enter, or press ? or * to list all spells.
Aiming: Sting (safe; 2% risk of failure)
Press: ? - help, Shift-Dir - straight line, f - bullfrog
Aim: a bullfrog The sting misses the bullfrog.
The bullfrog hits you!
Casting: Sting (safe; 2% risk of failure)
Confirm with . or Enter, or press ? or * to list all spells.
Aiming: Sting (safe; 2% risk of failure)
Press: ? - help, Shift-Dir - straight line, f/p - bullfrog
Aim: a bullfrog The sting misses the bullfrog.
The bullfrog closely misses you. The bullfrog hits you.
* * * LOW HITPOINT WARNING * * *
Okay, then.
You feel yourself speed up. The bullfrog hits you.
You die...

)# #### .############
............#### #
###########.##.###.#
#.#...÷..#
#######.##.#####
...........#
#######.###########
#..≈..@F....###########
###########.......†....
#############


You could see a bullfrog.

Vanquished Creatures
  Eustachio (D:5)
  2 ogres (D:6)
  2 sky beasts
  A howler monkey (D:4)
  A hound (D:6)
  A quasit (D:6)
  2 jellies
  4 orc priests
  4 orc wizards
  Jessica (D:3)
  Terence (D:2)
  11 gnolls
  8 adders
  3 oozes
  An adder zombie (D:5)
  2 worms
  2 dart slugs (D:1)
  A leopard gecko (D:2)
  7 orcs
  5 bats
  8 giant cockroaches
  4 goblins
  7 hobgoblins
  8 kobolds
  4 quokkas
  2 frilled lizards
  A leopard gecko skeleton (D:5)
  6 rats
100 creatures vanquished.

Notes
Turn   | Place    | Note
-------+----------+-------------------------------------------
     0 | D:1      | Lugonue the Felid Venom Mage began the quest for the Orb.
     0 | D:1      | Reached XP level 1. HP: 7/7 MP: 4/4
   273 | D:1      | Reached skill level 3 in Dodging
   584 | D:1      | Reached XP level 2. HP: 11/11 MP: 6/6
  1169 | D:1      | Found a shimmering altar of Xom.
  1801 | D:1      | Learned a level 2 spell: Poisonous Vapours
  2057 | D:2      | Reached XP level 3. HP: 14/15 MP: 7/7
  2217 | D:2      | Noticed Terence
  2938 | D:2      | Killed Terence
  2938 | D:2      | Reached skill level 1 in Unarmed Combat
  2938 | D:2      | Reached XP level 4. HP: 18/18 MP: 0/9
  3557 | D:3      | Reached XP level 5. HP: 16/21 MP: 1/10
  3574 | D:3      | Killed from afar by an orc wizard
  3575 | D:3      | Reached XP level 4. HP: -3/18 MP: 0/9
  3645 | D:3      | Learned a level 3 spell: Ignite Poison
  3898 | D:3      | Noticed Robin
  3962 | D:3      | Noticed Jessica
  3964 | D:3      | Killed Jessica
  3964 | D:3      | Reached XP level 5. HP: 21/21 MP: 5/11
  4065 | D:3      | Found a runed translucent door.
  4066 | D:3      | Noticed Crazy Yiuf
  4188 | D:4      | Learned a level 4 spell: Olgreb's Toxic Radiance
  4630 | D:4      | Reached skill level 4 in Dodging
  4775 | D:5      | Entered Level 5 of the Dungeon
  4866 | D:5      | Gained mutation: You are covered in thick fur. (AC +2)
                  | [Felid growth]
  4866 | D:5      | Reached XP level 6. HP: 25/25 MP: 1/12
  4973 | D:5      | Reached skill level 1 in Air Magic
  4979 | D:6      | Noticed a sky beast
  5268 | D:5      | Reached skill level 5 in Dodging
  5435 | D:5      | Found a snail-covered altar of Cheibriados.
  5498 | D:5      | Noticed a sky beast
  5502 | D:5      | Killed a sky beast
  5502 | D:5      | Reached XP level 7. HP: 28/28 MP: 2/14
  6014 | D:5      | Noticed Eustachio
  6019 | D:5      | Killed Eustachio
  6184 | D:6      | Found a staircase to the Ecumenical Temple.
  6206 | Temple   | Entered the Ecumenical Temple
  6296 | Temple   | Became a worshipper of Sif Muna the Loreminder
  6358 | D:6      | Reached skill level 5 in Spellcasting
  6642 | D:6      | Slain by an ice beast
  6643 | D:6      | Reached XP level 6. HP: -2/25 MP: 9/14
  6673 | D:6      | Reached XP level 7. HP: 6/28 MP: 4/16
  6836 | D:6      | Reached skill level 6 in Dodging
  6836 | D:6      | HP: 1/28 [bullfrog (8)]
  6853 | D:6      | Slain by a bullfrog

Levels and vault maps discovered:
D:1:      mushboom_english_gardens, layout_basic, xom_teletrap_fun
D:2:      layout_basic, uniq_terence
D:3:      layout_basic, first_ration, chequers_serial_rivers_room_a, uniq_robin,
          uniq_crazy_yiuf_cottage, uniq_jessica
D:4:      layout_cave_pools
D:5:      layout_basic, basic_altar, uniq_eustachio
D:6:      layout_loops_ring, minmay_temple_entry_proselytizer,
          minmay_mini_ossuary
Temple:   kilobyte_greek_temple

Skill      XL: |  1  2  3  4  5  6  7 |
---------------+----------------------+-----
Dodging        | 3 4 5 6 |  6.0
Poison Magic   | 3 4 |  4.2
Stealth        | 3 4 |  4.4
Unarmed Combat | 1 2 |  2.2
Transmutations | 2 3 |  3.6
Spellcasting   | 3 4 5 |  5.7
Air Magic      | 1 |  1.8
Fighting       | |  0.7
Fire Magic     | |  0.2

Action                   |  1- 3 |  4- 6 |  7- 9 || total
-------------------------+-------+-------+-------++-------
Melee: Unarmed           |    79 |    87 |    24 ||   190
       Bite              |     9 |     6 |       ||    15
 Cast: Sting             |    50 |    57 |    19 ||   126
       Poisonous Vapours |     7 |    18 |    22 ||    47
       Olgreb's Toxic Ra |       |     5 |       ||     5
       Ignite Poison     |       |     1 |     6 ||     7
  Use: Scroll            |     3 |     5 |       ||     8
       Potion            |     3 |       |     2 ||     5
 Stab: Sleeping          |     3 |     8 |     1 ||    12
  Eat: Chunk             |     7 |    10 |     5 ||    22
Armor: Skin              |    13 |    11 |     3 ||    27
Dodge: Dodged            |    81 |    97 |    39 ||   217

Table legend:
 A = Non-vault XP
 B = Vault XP
 C = Vault XP percentage of total XP
 D = Non-vault monster count
 E = Vault monster count
 F = Vault count percentage of total count
                 A         B        C        D         E       F
            +---------+---------+-------+---------+---------+-------
      Total |    1427 |     317 |  18.2 |      96 |       4 |   4.0
            +---------+---------+-------+---------+---------+-------
        D:1 |      31 |       0 |   0.0 |      16 |       0 |   0.0
        D:2 |      61 |      36 |  37.1 |      20 |       1 |   4.8
        D:3 |     145 |      37 |  20.3 |      19 |       1 |   5.0
        D:4 |     142 |       0 |   0.0 |       9 |       0 |   0.0
        D:5 |     417 |     203 |  32.7 |      18 |       1 |   5.3
        D:6 |     631 |      41 |   6.1 |      14 |       1 |   6.7
            +---------+---------+-------+---------+---------+-------
